TOP OF THE 1ST |
Idaho Falls Chukars batting - Pitching for Connecticut Tigers : RHP Luke Totzke
|
Pitching: RHP Luke Totzke
|
|
Batting: LHB Travis Lazaro
|
0-0: Ball 1-0: Ball 2-0: Ball 3-0: Called Strike 3-1: Base on Balls
|
Batting: RHB Brett Steele
|
0-0: Called Strike Travis Lazaro steals 2nd base 0-1: Ground out 6-3 (Groundball, 6, EV 105.6 MPH)
|
Batting: RHB Jason Birge
|
0-0: Ball 1-0: Foul Ball, location: 2F 1-1: Swinging Strike 1-2: Ball 2-2: Ball 3-2: Strikes out swinging
|
Batting: RHB Nate Mumaw
|
0-0: Called Strike 0-1: Swinging Strike 0-2: Strikes out swinging
|
Top of the 1st over - 0 runs, 0 hits, 0 errors, 1 left on base; Idaho Falls 0 - Connecticut 0 |
BOTTOM OF THE 1ST |
Connecticut Tigers batting - Pitching for Idaho Falls Chukars : RHP Bryan Kiefer
|
Pitching: RHP Bryan Kiefer
|
|
Batting: RHB Jaden Warrior
|
0-0: Ball 1-0: Foul Ball, location: 2F 1-1: SINGLE (Groundball, 13S, EV 66.9 MPH) (infield hit)
|
Batting: RHB Janne Vihko
|
0-0: Ball 1-0: Ball 2-0: Swinging Strike 2-1: Ball 3-1: Called Strike 3-2: Base on Balls Jaden Warrior to second
|
Batting: LHB Antonio Luis
|
0-0: Foul Ball, location: 2F 0-1: Called Strike 0-2: Foul Ball, location: 2F 0-2: Ground out 5-3 (Groundball, 56S, EV 71.2 MPH) Jaden Warrior to third Janne Vihko to second
|
Batting: LHB Tokugoro Adachi
|
0-0: Fly out, F9 (Flyball, 89M, EV 83.1 MPH) Runner from 3rd tags up, SCORES, throw by RF
|
Batting: RHB Tony Nunez
|
0-0: Ball 1-0: Foul Ball, location: 2F 1-1: Swinging Strike 1-2: Ball 2-2: Ground out 6-3 (Groundball, 6D, EV 106.2 MPH)
|
Bottom of the 1st over - 1 run, 1 hit, 0 errors, 1 left on base; Idaho Falls 0 - Connecticut 1 |
TOP OF THE 2ND |
Idaho Falls Chukars batting - Pitching for Connecticut Tigers : RHP Luke Totzke
|
Batting: LHB Miguel Torres
|
0-0: Ball 1-0: Ground out 4-3 (Groundball, 4, EV 81.9 MPH)
|
Batting: SHB Danny Ballenger
|
0-0: Ball 1-0: Swinging Strike 1-1: Ground out 6-3 (Groundball, 6, EV 84.4 MPH)
|
Batting: SHB Darius Vinson
|
0-0: Ball 1-0: Swinging Strike 1-1: Ball 2-1: Swinging Strike 2-2: Strikes out swinging
|
Top of the 2nd over - 0 runs, 0 hits, 0 errors, 0 left on base; Idaho Falls 0 - Connecticut 1 |
BOTTOM OF THE 2ND |
Connecticut Tigers batting - Pitching for Idaho Falls Chukars : RHP Bryan Kiefer
|
Batting: RHB Zack DiCicco
|
0-0: Swinging Strike 0-1: Swinging Strike 0-2: Ball 1-2: SOLO HOME RUN (Flyball, 9D, EV 97.5 MPH), Distance : 392 ft
|
Batting: SHB Eisse Wijnja
|
0-0: Ball 1-0: Ground out 3-1 (Groundball, 34S, EV 68.8 MPH)
|
Batting: RHB Kaleb Yerger
|
0-0: Swinging Strike 0-1: SINGLE (Groundball, 56D, EV 103.1 MPH)
|
Batting: SHB Ian Arlotta
|
0-0: Ball 1-0: Called Strike 1-1: Called Strike 1-2: Strikes out looking
|
Batting: RHB Jaden Warrior
|
0-0: Ball 1-0: Ball 2-0: Foul Ball, location: 2F 2-1: Foul Ball, location: 2F 2-2: Ball 3-2: Foul Ball, location: 2F 3-2: SINGLE (Groundball, 13S, EV 76.2 MPH) (infield hit) Kaleb Yerger to second
|
Batting: RHB Janne Vihko
|
0-0: Fielders Choice at 2nd, 6-4 (Groundball, 6D, EV 106.9 MPH)
|
Bottom of the 2nd over - 1 run, 3 hits, 0 errors, 2 left on base; Idaho Falls 0 - Connecticut 2 |
TOP OF THE 3RD |
Idaho Falls Chukars batting - Pitching for Connecticut Tigers : RHP Luke Totzke
|
Batting: RHB Rogelio Losano
|
0-0: Ball 1-0: Called Strike 1-1: Foul Ball, location: 2F 1-2: Ball 2-2: Fly out, F6 (Line Drive, 6, EV 70.6 MPH)
|
Batting: RHB Rob Colley
|
0-0: Called Strike 0-1: Called Strike 0-2: Ball 1-2: Ball 2-2: Strikes out swinging
|
Batting: LHB Travis Lazaro
|
0-0: Called Strike 0-1: Ball 1-1: Swinging Strike 1-2: Strikes out swinging
|
Top of the 3rd over - 0 runs, 0 hits, 0 errors, 0 left on base; Idaho Falls 0 - Connecticut 2 |
BOTTOM OF THE 3RD |
Connecticut Tigers batting - Pitching for Idaho Falls Chukars : RHP Bryan Kiefer
|
Batting: LHB Antonio Luis
|
0-0: Foul Ball, location: 2F 0-1: Swinging Strike 0-2: Ball 1-2: DOUBLE (Line Drive, 7LS, EV 90.0 MPH)
|
Batting: LHB Tokugoro Adachi
|
0-0: Ball 1-0: Ball 2-0: Ground out 5-3 (Groundball, 5, EV 81.2 MPH)
|
Batting: RHB Tony Nunez
|
0-0: Ball 1-0: SINGLE (Groundball, 4D, EV 95.0 MPH) Antonio Luis to third
|
Batting: RHB Zack DiCicco
|
0-0: Fly out, F6 (Popup, 6M, EV 60.6 MPH)
|
Batting: SHB Eisse Wijnja
|
0-0: Called Strike 0-1: Called Strike 0-2: Strikes out swinging
|
Bottom of the 3rd over - 0 runs, 2 hits, 0 errors, 2 left on base; Idaho Falls 0 - Connecticut 2 |
TOP OF THE 4TH |
Idaho Falls Chukars batting - Pitching for Connecticut Tigers : RHP Luke Totzke
|
Batting: RHB Brett Steele
|
0-0: Ball 1-0: Fly out, F9 (Flyball, 89D, EV 94.4 MPH)
|
Batting: RHB Jason Birge
|
0-0: Foul Ball, location: 2F 0-1: DOUBLE (Line Drive, 78XD, EV 103.8 MPH)
|
Batting: RHB Nate Mumaw
|
0-0: Ball 1-0: Foul Ball, location: 2F 1-1: SINGLE (Line Drive, 9S, EV 93.1 MPH) Jason Birge to third
|
Batting: LHB Miguel Torres
|
0-0: Ball 1-0: Ball Passed Ball! Jason Birge scores Nate Mumaw to second 2-0: Fly out, F8 (Line Drive, 8LD, EV 85.6 MPH)
|
Batting: SHB Danny Ballenger
|
0-0: Foul Ball, location: 2F 0-1: Ground out 6-3 (Groundball, 6M, EV 100.6 MPH)
|
Top of the 4th over - 1 run, 2 hits, 0 errors, 1 left on base; Idaho Falls 1 - Connecticut 2 |
BOTTOM OF THE 4TH |
Connecticut Tigers batting - Pitching for Idaho Falls Chukars : RHP Bryan Kiefer
|
Batting: RHB Kaleb Yerger
|
0-0: Ball 1-0: Foul Ball, location: 2F 1-1: Ground out 5-3 (Groundball, 56S, EV 63.8 MPH)
|
Pitching: RHP Greg Sell
|
|
Batting: SHB Ian Arlotta
|
0-0: Called Strike 0-1: Ball 1-1: Ball 2-1: Foul Ball, location: 2F 2-2: Strikes out swinging
|
Batting: RHB Jaden Warrior
|
0-0: Called Strike 0-1: Ball 1-1: Ball 2-1: Ball 3-1: Foul Ball, location: 2F 3-2: Foul Ball, location: 2F 3-2: Strikes out swinging
|
Bottom of the 4th over - 0 runs, 0 hits, 0 errors, 0 left on base; Idaho Falls 1 - Connecticut 2 |
TOP OF THE 5TH |
Idaho Falls Chukars batting - Pitching for Connecticut Tigers : RHP Luke Totzke
|
Batting: SHB Darius Vinson
|
0-0: Ground out 4-3 (Groundball, 4, EV 85.6 MPH)
|
Batting: RHB Rogelio Losano
|
0-0: Ball 1-0: Ground out 5-3 (Groundball, 56, EV 88.1 MPH)
|
Batting: RHB Rob Colley
|
0-0: Ball 1-0: Foul Ball, location: 2F 1-1: Called Strike 1-2: Strikes out swinging
|
Top of the 5th over - 0 runs, 0 hits, 0 errors, 0 left on base; Idaho Falls 1 - Connecticut 2 |
BOTTOM OF THE 5TH |
Connecticut Tigers batting - Pitching for Idaho Falls Chukars : RHP Greg Sell
|
Batting: RHB Janne Vihko
|
0-0: Called Strike 0-1: Fly out, F9 (Line Drive, 89S, EV 103.8 MPH)
|
Batting: LHB Antonio Luis
|
0-0: Called Strike 0-1: Ball 1-1: Ball 2-1: Ball 3-1: Foul Ball, location: 2F 3-2: Foul Ball, location: 2F 3-2: Base on Balls
|
Batting: LHB Tokugoro Adachi
|
0-0: Called Strike 0-1: Ball 1-1: Swinging Strike 1-2: Ball 2-2: Ball 3-2: Strikes out swinging
|
Batting: RHB Tony Nunez
|
0-0: Swinging Strike 0-1: Swinging Strike 0-2: Fielders Choice at 2nd, 5-4 (Groundball, 56, EV 108.8 MPH)
|
Bottom of the 5th over - 0 runs, 0 hits, 0 errors, 1 left on base; Idaho Falls 1 - Connecticut 2 |
TOP OF THE 6TH |
Idaho Falls Chukars batting - Pitching for Connecticut Tigers : RHP Luke Totzke
|
Batting: LHB Travis Lazaro
|
0-0: Swinging Strike 0-1: Ball 1-1: Swinging Strike 1-2: Strikes out swinging
|
Batting: RHB Brett Steele
|
0-0: Called Strike 0-1: Ball 1-1: Called Strike 1-2: Foul Ball, location: 2F 1-2: Strikes out swinging
|
Batting: RHB Jason Birge
|
0-0: Called Strike 0-1: Ball 1-1: Called Strike 1-2: SOLO HOME RUN (Flyball, 78XD, EV 112.5 MPH), Distance : 436 ft
|
Batting: RHB Nate Mumaw
|
0-0: Called Strike 0-1: Called Strike 0-2: Hit by Pitch
|
Batting: LHB Miguel Torres
|
0-0: Called Strike 0-1: SINGLE (Groundball, 34S, EV 67.5 MPH) (infield hit) Nate Mumaw to second
|
Batting: SHB Danny Ballenger
|
0-0: Ball 1-0: Called Strike 1-1: Ball 2-1: Reached on error, E5 (Groundball, 5, EV 84.4 MPH) Nate Mumaw to third Miguel Torres to second
|
Batting: SHB Darius Vinson
|
0-0: Called Strike 0-1: Ball 1-1: Called Strike 1-2: Ball 2-2: Foul Ball, location: 2F 2-2: Ball 3-2: Fly out, F9 (Flyball, 9, EV 86.2 MPH)
|
Top of the 6th over - 1 run, 2 hits, 1 error, 3 left on base; Idaho Falls 2 - Connecticut 2 |
BOTTOM OF THE 6TH |
Connecticut Tigers batting - Pitching for Idaho Falls Chukars : RHP Greg Sell
|
Pitching: RHP Kolenka Leschenya
|
|
Batting: RHB Zack DiCicco
|
0-0: Ball 1-0: Called Strike 1-1: Ball 2-1: Fly out, F8 (Flyball, 8RD, EV 101.2 MPH)
|
Batting: SHB Eisse Wijnja
|
0-0: Called Strike 0-1: Ball 1-1: Ball 2-1: Ground out 1-3 (Groundball, 13S, EV 65.6 MPH)
|
Batting: RHB Kaleb Yerger
|
0-0: Foul Ball, location: 2F 0-1: Ball 1-1: Foul Ball, location: 2F 1-2: Foul Ball, location: 2F 1-2: Foul Ball, location: 2F 1-2: Foul Ball, location: 2F 1-2: Strikes out swinging
|
Bottom of the 6th over - 0 runs, 0 hits, 0 errors, 0 left on base; Idaho Falls 2 - Connecticut 2 |
TOP OF THE 7TH |
Idaho Falls Chukars batting - Pitching for Connecticut Tigers : RHP Luke Totzke
|
Batting: RHB Rogelio Losano
|
0-0: SINGLE (Groundball, 6D, EV 106.2 MPH)
|
Batting: RHB Rob Colley
|
0-0: Called Strike 0-1: Grounds into double play, 4-6-3 (Groundball, 4, EV 90.0 MPH)
|
Batting: LHB Travis Lazaro
|
0-0: Called Strike 0-1: DOUBLE (Line Drive, 7LM, EV 100.0 MPH)
|
Batting: RHB Brett Steele
|
0-0: Ball 1-0: Ball 2-0: Foul Ball, location: 2F 2-1: Ball 3-1: Base on Balls
|
Batting: RHB Jason Birge
|
0-0: Swinging Strike 0-1: Ball 1-1: Foul Ball, location: 2F 1-2: Fly out, F7 (Flyball, 7, EV 85.0 MPH)
|
Top of the 7th over - 0 runs, 2 hits, 0 errors, 2 left on base; Idaho Falls 2 - Connecticut 2 |
BOTTOM OF THE 7TH |
Connecticut Tigers batting - Pitching for Idaho Falls Chukars : RHP Kolenka Leschenya
|
Batting: SHB Ian Arlotta
|
0-0: Called Strike 0-1: Swinging Strike 0-2: Ball 1-2: Strikes out looking
|
Batting: RHB Jaden Warrior
|
0-0: Called Strike 0-1: Ball 1-1: Foul Ball, location: 2F 1-2: Ball 2-2: Ball 3-2: Base on Balls
|
Pitching: LHP Katsusuke Suyama
|
|
Batting: RHB Janne Vihko
|
0-0: Swinging Strike 0-1: Ball 1-1: Fly out, F7 (Flyball, 7, EV 92.5 MPH)
|
Pinch Hitting: RHB Gabe Higley
|
0-0: Called Strike 0-1: Ball 1-1: Foul Ball, location: 2F 1-2: Strikes out swinging
|
Bottom of the 7th over - 0 runs, 0 hits, 0 errors, 1 left on base; Idaho Falls 2 - Connecticut 2 |
TOP OF THE 8TH |
Idaho Falls Chukars batting - Pitching for Connecticut Tigers : RHP Luke Totzke
|
Pitching: LHP Victor Villarreal
|
|
Now at 3B: Zach Rose
|
|
Batting: RHB Nate Mumaw
|
0-0: Called Strike 0-1: Foul Ball, location: 2F 0-2: Ball 1-2: Fly out, F8 (Flyball, 89M, EV 79.4 MPH)
|
Pinch Hitting: RHB Luis Hinostroza
|
0-0: Called Strike 0-1: Fly out, F8 (Flyball, 8RD, EV 95.6 MPH)
|
Batting: SHB Danny Ballenger
|
0-0: Ball 1-0: Ball 2-0: Ball 3-0: Called Strike 3-1: Foul Ball, location: 2F 3-2: Strikes out swinging
|
Top of the 8th over - 0 runs, 0 hits, 0 errors, 0 left on base; Idaho Falls 2 - Connecticut 2 |
BOTTOM OF THE 8TH |
Connecticut Tigers batting - Pitching for Idaho Falls Chukars : LHP Katsusuke Suyama
|
Now in LF: Darius Vinson
|
|
Now in CF: Robert Rauda
|
|
Pinch Hitting: RHB Khalil Coleman
|
0-0: Called Strike 0-1: Ball 1-1: Ball 2-1: SINGLE (Groundball, 6MD, EV 96.9 MPH)
|
Batting: RHB Tony Nunez
|
0-0: Ball 1-0: Called Strike 1-1: Ball Wild Pitch! Khalil Coleman to second 2-1: Ground out 6-3 (Groundball, 6MD, EV 87.5 MPH) Khalil Coleman to third
|
Batting: RHB Zack DiCicco
|
0-0: Intentional Walk
|
Batting: SHB Eisse Wijnja
|
0-0: Fly out, F9 (Flyball, 9S, EV 87.5 MPH)
|
Batting: RHB Kaleb Yerger
|
0-0: Ball 1-0: Foul Ball, location: 2F 1-1: Foul Ball, location: 2F 1-2: Strikes out looking
|
Bottom of the 8th over - 0 runs, 1 hit, 0 errors, 2 left on base; Idaho Falls 2 - Connecticut 2 |
TOP OF THE 9TH |
Idaho Falls Chukars batting - Pitching for Connecticut Tigers : LHP Victor Villarreal
|
Now at C: Jonathan Ridgely
|
|
Batting: SHB Darius Vinson
|
0-0: Called Strike 0-1: Fly out, F9 (Flyball, 9, EV 89.4 MPH)
|
Batting: RHB Rogelio Losano
|
0-0: Ball 1-0: Foul Ball, location: 2F 1-1: Ball 2-1: Called Strike 2-2: Ground out 4-3 (Groundball, 4, EV 85.6 MPH)
|
Batting: RHB Rob Colley
|
0-0: Ball 1-0: Ball 2-0: Ball 3-0: Base on Balls
|
Pinch Hitting: RHB Chance Argy
|
0-0: Called Strike 0-1: Called Strike 0-2: Foul Ball, location: 2F 0-2: Ball 1-2: Ball 2-2: Strikes out swinging
|
Top of the 9th over - 0 runs, 0 hits, 0 errors, 1 left on base; Idaho Falls 2 - Connecticut 2 |
BOTTOM OF THE 9TH |
Connecticut Tigers batting - Pitching for Idaho Falls Chukars : LHP Katsusuke Suyama
|
Now at 1B: Roger Payne
|
|
Batting: SHB Ian Arlotta
|
0-0: Called Strike 0-1: Ball 1-1: Ball 2-1: Ball 3-1: Fly out, F9 (Line Drive, 9LM, EV 96.9 MPH)
|
Pitching: LHP Shinkichi Kawase
|
|
Batting: RHB Jaden Warrior
|
0-0: Ball 1-0: Ball 2-0: Ball 3-0: Called Strike 3-1: Called Strike 3-2: SINGLE (Groundball, 25, EV 67.5 MPH) (infield hit)
|
Batting: RHB Janne Vihko
|
0-0: Ball Passed Ball! Jaden Warrior to second 1-0: Intentional Walk
|
Pinch Hitting: RHB Jeremiah Washington
|
0-0: Foul Ball, location: 2F 0-1: Foul Ball, location: 2F 0-2: Ball 1-2: Fielders Choice at 2nd, 3-6 (Groundball, 34, EV 81.9 MPH) Jaden Warrior to third
|
Batting: RHB Jonathan Ridgely
|
0-0: Called Strike 0-1: Foul Ball, location: 2F 0-2: Strikes out swinging
|
Bottom of the 9th over - 0 runs, 1 hit, 0 errors, 2 left on base; Idaho Falls 2 - Connecticut 2 |
TOP OF THE 10TH |
Idaho Falls Chukars batting - Pitching for Connecticut Tigers : LHP Victor Villarreal
|
Now at 2B: Jeremiah Washington
|
|
Now at 3B: Zack DiCicco
|
|
Batting: RHB Brett Steele
|
0-0: Called Strike 0-1: Swinging Strike 0-2: SINGLE (Line Drive, 78S, EV 101.2 MPH)
|
Batting: RHB Jason Birge
|
0-0: Called Strike 0-1: Ball Wild Pitch! Brett Steele to second 1-1: Called Strike 1-2: Strikes out looking
|
Batting: RHB Nate Mumaw
|
0-0: Intentional Walk
|
Pinch Hitting: RHB Greg Burdine
|
0-0: Foul Ball, location: 2F 0-1: Called Strike 0-2: Foul Ball, location: 2F 0-2: Strikes out swinging
|
Batting: SHB Danny Ballenger
|
0-0: Ball 1-0: Foul Ball, location: 2F 1-1: Called Strike 1-2: Fielders Choice at 2nd, 6-4 (Groundball, 6, EV 98.8 MPH)
|
Top of the 10th over - 0 runs, 1 hit, 0 errors, 2 left on base; Idaho Falls 2 - Connecticut 2 |
BOTTOM OF THE 10TH |
Connecticut Tigers batting - Pitching for Idaho Falls Chukars : LHP Shinkichi Kawase
|
Now in CF: Houston Brock
|
|
Batting: RHB Tony Nunez
|
0-0: Ball 1-0: Swinging Strike 1-1: Ball 2-1: SINGLE (Groundball, 6MD, EV 106.2 MPH)
|
Batting: RHB Zack DiCicco
|
0-0: Foul Ball, location: 2F 0-1: Fly out, F8 (Flyball, 8RD, EV 108.1 MPH)
|
Pitching: RHP Tony Jimenez
|
|
Batting: SHB Eisse Wijnja
|
0-0: Ball 1-0: Called Strike 1-1: Fielders Choice at 2nd, 4-6 (Groundball, 34, EV 100.6 MPH)
|
Batting: RHB Kaleb Yerger
|
0-0: Called Strike 0-1: Ball 1-1: Fly out, F7 (Line Drive, 7S, EV 106.9 MPH)
|
Bottom of the 10th over - 0 runs, 1 hit, 0 errors, 1 left on base; Idaho Falls 2 - Connecticut 2 |
TOP OF THE 11TH |
Idaho Falls Chukars batting - Pitching for Connecticut Tigers : LHP Victor Villarreal
|
Pitching: RHP Morty Rupert
|
|
Batting: SHB Darius Vinson
|
0-0: Ball 1-0: Ball 2-0: Ball 3-0: Foul Ball, location: 2F 3-1: Called Strike 3-2: Strikes out swinging
|
Batting: RHB Rogelio Losano
|
0-0: Called Strike 0-1: Ground out 6-3 (Groundball, 6, EV 105.0 MPH)
|
Batting: LHB Manoel Camp
|
0-0: Ground out 5-3 (Groundball, 56, EV 90.0 MPH)
|
Top of the 11th over - 0 runs, 0 hits, 0 errors, 0 left on base; Idaho Falls 2 - Connecticut 2 |
BOTTOM OF THE 11TH |
Connecticut Tigers batting - Pitching for Idaho Falls Chukars : RHP Tony Jimenez
|
Batting: SHB Ian Arlotta
|
0-0: Ball 1-0: Called Strike 1-1: Foul Ball, location: 2F 1-2: Ball 2-2: Ball 3-2: Strikes out swinging
|
Batting: RHB Jaden Warrior
|
0-0: SINGLE (Groundball, 56D, EV 102.5 MPH)
|
Batting: RHB Janne Vihko
|
0-0: Fielders Choice at 2nd, 3-6 (Groundball, 3, EV 88.1 MPH)
|
Batting: RHB Jeremiah Washington
|
0-0: Foul Ball, location: 2F 0-1: Foul Ball, location: 2F 0-2: Ball 1-2: Foul Ball, location: 2F 1-2: SINGLE (Groundball, 6MD, EV 106.2 MPH) Janne Vihko to second Runner from 2nd tries for 3rd, SAFE, no throw by CF
|
Pitching: RHP Rich Frontczak
|
|
Batting: RHB Jonathan Ridgely
|
0-0: SINGLE (Line Drive, 6D, EV 106.2 MPH) Janne Vihko scores
|
Bottom of the 11th over - 1 run, 3 hits, 0 errors, 1 left on base; Idaho Falls 2 - Connecticut 3 |
|